 Dungeon Crawl Stone Soup version 0.28-a0-381-g937acc2988 (webtiles) character file.

Game seed: 10799787554960732755

3719 hatdisgam the Cleaver (level 10, 0/76 HPs)
             Began as a Formicid Fighter on Sept 1, 2021.
             Was a Follower of Dithmenos.
             Killed by divine providence
             ... invoked by an orc priest
              (13 damage)
             ... on level 8 of the Dungeon.
             The game lasted 00:10:40 (8094 turns).

hatdisgam the Cleaver (Formicid Fighter)            Turns: 8094, Time: 00:10:40

Health: 0/76       AC:  8    Str: 25    XL:     10   Next: 36%
Magic:  10/10      EV: 16    Int: 10    God:    Dithmenos [*.....]
Gold:   225        SH:  4    Dex: 10    Spells: 9/9 levels left

rFire   . . .      SeeInvis +   y - +0 war axe (elec)
rCold   . . .      Faith    .   c - +0 buckler
rNeg    + . .      Spirit   .   v - +2 ring mail of a sewer {Will+ Str+3}
rPois   .          Reflect  .   (helmet unavailable)
rElec   +          Harm     .   (no cloak)
rCorr   +          Rampage  .   (no gloves)
Will    ++...                   (no boots)
Stlth   ..........              (no amulet)
HPRegen 0.22/turn               j - +4 ring of evasion
MPRegen 0.12/turn               C - ring of Ceh Keme {rElec rN+ rCorr}

@: wreathed by umbra
A: permanent stasis, dig shafts and tunnels, antennae 3, four strong arms
a: Dig, Shaft Self, Renounce Religion


You were on level 8 of the Dungeon.
You worshipped Dithmenos.
Dithmenos was aware of your devotion.
You visited 1 branch of the dungeon, and saw 8 of its levels.

You collected 432 gold pieces.
You spent 207 gold pieces at shops.

Inventory:

Hand Weapons
 a - a +0 war axe
 x - a +1 flail of protection
 y - a +0 war axe of electrocution (weapon)
Missiles
 k - 47 bolts
Armour
 b - a +0 scale mail
 c - a +0 buckler (worn)
 d - a +0 troll leather armour {Purgy}
 h - a +0 plate armour
 v - the +2 ring mail of a sewer (worn) {Will+ Str+3}
   (You found it on level 4 of the Dungeon)

   Str:       It affects your strength (+3).
   Will:      It increases your willpower.
Jewellery
 j - a +4 ring of evasion (left hand)
 C - the ring of Ceh Keme (right hand) {rElec rN+ rCorr}
   (You bought it in a shop on level 5 of the Dungeon)

   [ring of positive energy]

   rElec:     It insulates you from electricity.
   rN:        It protects you from negative energy.
   rCorr:     It protects you from acid and corrosion.
Wands
 t - a wand of iceblast (11)
Scrolls
 e - 2 scrolls of teleportation
 g - a scroll of acquirement {unknown}
 o - a scroll of magic mapping {unknown}
 q - 2 scrolls of amnesia
 u - a scroll of immolation {unknown}
 w - 2 scrolls of fear
Potions
 f - a potion of flight
 i - a potion of mutation {unknown}
 l - a potion of heal wounds {unknown}
 m - a potion of lignification {unknown}
 n - a potion of berserk rage {unknown}
 p - 2 potions of brilliance {unknown}
 r - a potion of cancellation {unknown}
 s - 2 potions of curing
 z - a potion of ambrosia {unknown}
 A - 2 potions of haste {unknown}
 B - a potion of attraction {unknown}


   Skills:
 - Level 6.1 Fighting
 * Level 11.6 Axes
 + Level 5.9 Armour
 - Level 4.3 Dodging
 - Level 3.6 Shields


You had 9 spell levels left.
You didn't know any spells.
Your spell library contained the following spells:

 Spells                   Type           Power      Damage    Failure   Level
 Magic Dart               Conj           0%         1d3       50%         1
 Call Imp                 Summ           0%         N/A       63%         2
 Ensorcelled Hibernation  Hex/Ice        0%         N/A       63%         2
 Mephitic Cloud           Conj/Pois/Air  0%         N/A       86%         3
 Spider Form              Tmut/Pois      0%         N/A       86%         3
 Manifold Assault         Tloc           0%         N/A       100%        5
 Storm Form               Tmut/Air       0%         N/A       100%        7
 Blink                    Tloc           Unusable   N/A       N/A         2

Dungeon Overview and Level Annotations

Branches:
Dungeon (8/15)             Temple (0/1) D:6            Lair (0/6) D:8

Altars:
Ashenzari
Dithmenos
Fedhas
Makhleb
Nemelex Xobeh
Ru
Xom

Shops:
D:2 ?   D:3 ?   D:5 *   D:6 **

Annotations:
D:6 3 runed translucent doors


Innate Abilities, Weirdness & Mutations

You cannot be hasted, slowed, berserked, paralysed or teleported.
You can dig through walls and to a lower floor.
You have a pair of large antennae on your head. (SInv)
Your four strong arms can wield two-handed weapons with a shield.


Message History

Things that are here:
a +0 robe; a +0 whip The gargoyle hurls a stone arrow at you.
The stone arrow hits you!
You hit the gargoyle.
The gargoyle is moderately damaged.
The gargoyle completely misses you.
You hit the gargoyle but do no damage.
The gargoyle is moderately damaged.
The gargoyle hits you with a +0 mace!
You hit the gargoyle but do no damage.
The gargoyle is moderately damaged.
You block the gargoyle's attack.
You hit the gargoyle but do no damage.
The gargoyle is moderately damaged.
The gargoyle hurls a stone arrow at you.
The stone arrow hits you!!
You are too injured to fight recklessly!
You are too injured to fight recklessly!
You hit the gargoyle but do no damage.
The gargoyle is moderately damaged.
Are you sure you want to shaft yourself?
The gargoyle misses you.
You begin to dig a shaft.
You continue digging a shaft.
The gargoyle hurls a stone arrow at you.
The stone arrow hits you!!
* * * LOW HITPOINT WARNING * * *
A shaft appears beneath you!
You fall into a shaft and drop 2 floors!
The shaft crumbles and collapses.
Found a plate armour.
You start resting.
A meliai comes into view.
It is wielding a +2 hand axe of draining.
Found a staircase to the Lair.
An orc priest comes into view. It is wielding a +0 war axe.
Found a book of Decay.
The orc priest miscasts a cantrip.
The orc priest invokes the aid of Beogh against you.
Beogh smites you!
You die...

...≈≈≈y ..≈≈≈≈≈
..≈.≈≈. ##### ..≈≈≈
≈ ..... ..≈ [≈≈
...... ####.#≈.≈≈≈
......##......P.≈.
...............♣P.
##....@#######...
#.........# .
...........#
..o.........#
.....>.:......
............#..
...........## .
#.........##..#..
####.....####..#...


You could see an orc priest.

Vanquished Creatures
  Sigmund (D:6)
  3 wargs
  A water moccasin (D:5)
  Duvessa (D:4)
  3 orc warriors
  Purgy (D:3)
  2 black bears
  A necrophage (D:5)
  A sky beast (D:6)
  2 ice beasts
  5 ogres
  A centaur (D:8)
  A phantom (D:4)
  2 bullfrogs (D:6)
  A water moccasin zombie (D:6)
  2 scorpions
  Dowan (D:4)
  A wyvern zombie (D:6)
  A wyvern skeleton (D:6)
  A howler monkey (D:7)
  A bullfrog zombie (D:6)
  A centaur zombie (D:6)
  A hound (D:6)
  2 centaur skeletons (D:6)
  5 jellies
  4 orc priests
  2 gnoll shamans
  5 iguanas
  5 orc wizards
  A killer bee zombie (D:7)
  2 hound skeletons (D:4)
  Robin (D:2)
  7 adders
  9 gnolls
  A shadow imp (D:5)
  2 ufetubi
  An adder skeleton (D:2)
  A worm (D:5)
  2 dart slugs (D:5)
  13 orcs
  7 endoplasms
  4 giant cockroaches
  13 goblins
  2 hobgoblins (D:1)
  A quokka (D:1)
  6 ball pythons
  3 bats
  6 frilled lizards
  2 kobolds (D:1)
  6 rats
148 creatures vanquished.

Notes
Turn   | Place    | Note
-------+----------+-------------------------------------------
     0 | D:1      | hatdisgam the Formicid Fighter began the quest for the Orb.
     0 | D:1      | Reached XP level 1. HP: 18/18 MP: 1/1
   343 | D:1      | Reached XP level 2. HP: 24/24 MP: 2/2
   514 | D:1      | Found a faded altar of an unknown god.
   791 | D:1      | Reached skill level 1 in Dodging
   841 | D:1      | Reached XP level 3. HP: 29/29 MP: 3/3
   853 | D:1      | Reached skill level 3 in Axes
  1462 | D:2      | Noticed Robin
  1468 | D:2      | Reached XP level 4. HP: 34/35 MP: 4/4
  1485 | D:2      | Killed Robin
  1964 | D:2      | Found Lyfyogeu's Magic Scroll Shop.
  2091 | D:3      | Found Myqeff's Magic Scroll Shoppe.
  2163 | D:3      | Reached skill level 4 in Axes
  2182 | D:3      | Found a sacrificial altar of Ru.
  2270 | D:3      | Reached XP level 5. HP: 41/41 MP: 5/5
  2270 | D:3      | Noticed Purgy
  2280 | D:3      | Killed Purgy
  2281 | D:3      | Reached XP level 6. HP: 47/47 MP: 6/6
  2612 | D:4      | Reached skill level 5 in Axes
  2688 | D:4      | Noticed Duvessa
  2688 | D:4      | Noticed Dowan
  2794 | D:4      | Killed Duvessa
  2795 | D:4      | Reached skill level 6 in Axes
  2795 | D:4      | Reached XP level 7. HP: 38/52 MP: 7/7
  2866 | D:4      | Killed Dowan
  2923 | D:4      | Identified the +2 ring mail of a sewer {Will+ Str+3}
  3288 | D:5      | Entered Level 5 of the Dungeon
  3496 | D:5      | Reached skill level 7 in Axes
  3496 | D:5      | Reached XP level 8. HP: 35/58 MP: 8/8
  3837 | D:5      | Found a shimmering altar of Xom.
  4016 | D:5      | You fall into a shaft and drop 2 floors!
  4016 | D:7      | Found a sparkling altar of Nemelex Xobeh.
  4023 | D:6      | Found Aduasem's Mayhem Merchandise.
  4167 | D:6      | Reached skill level 8 in Axes
  4355 | D:6      | Found a runed translucent gate.
  4356 | D:6      | Found a runed translucent gate.
  4357 | D:6      | Found a runed translucent gate.
  4359 | D:6      | Bought a +0 war axe of electrocution for 117 gold pieces
  4497 | D:5      | Found Tudduumic's Assorted Antiques.
  4506 | D:5      | Bought a scintillating marble ring for 90 gold pieces
  4506 | D:5      | Identified the ring of Ceh Keme {rElec rN+ rCorr} (You
                  | bought it in a shop on level 5 of the Dungeon)
  4841 | D:5      | Found a shadowy altar of Dithmenos.
  4850 | D:5      | Became a worshipper of Dithmenos the Shadowed
  4878 | D:5      | Reached XP level 9. HP: 45/67 MP: 9/9
  5060 | D:5      | Reached skill level 5 in Fighting
  5060 | D:5      | Reached skill level 9 in Axes
  5600 | D:6      | You fall into a shaft and drop 2 floors!
  5876 | D:7      | Reached * piety under Dithmenos
  5884 | D:7      | Reached skill level 10 in Axes
  6479 | D:6      | Found a burning altar of Makhleb.
  6479 | D:6      | Found a blossoming altar of Fedhas.
  6615 | D:6      | Found a staircase to the Ecumenical Temple.
  6694 | D:6      | Found Rifafit's Assorted Antiques.
  6895 | D:6      | Reached XP level 10. HP: 76/76 MP: 10/10
  6925 | D:6      | Noticed a gargoyle
  6925 | D:6      | Noticed a two-headed ogre
  6945 | D:6      | You fall into a shaft and drop 2 floors!
  7172 | D:8      | Reached skill level 11 in Axes
  7175 | D:8      | Reached skill level 5 in Armour
  7825 | D:6      | Found a broken altar of Ashenzari.
  7919 | D:6      | Noticed Sigmund
  7923 | D:6      | Killed Sigmund
  8090 | D:6      | You fall into a shaft and drop 2 floors!
  8092 | D:8      | Found a staircase to the Lair.
  8094 | D:8      | Killed from afar by an orc priest

Illustrated notes

Levels and vault maps discovered:
D:1:      psy_arrival_whirlpool, layout_loops_corners,
          chequers_ecumenical_altar_island
D:2:      layout_loops_ring, serial_shops, shop, uniq_robin
D:3:      layout_rooms, amcnicky_altar_gilded, serial_shops, shop,
          wad_floor_pattern_1, uniq_purgy
D:4:      layout_loops_ring, uniq_duvessa
D:5:      minmay_clustersquares, layout_loops_corners, lemuel_doored_altar,
          grunt_dithmenos_shadows, nicolae_stop_n_shop_1
D:6:      layout_basic, mainiacjoe_overflow_large_starburst,
          general_overflow_altar, minmay_temple_entry_purple_smoke,
          gammafunk_ghost_cemetery, serial_shops, nicolae_shop_crystal,
          minmay_misc_feat_alley, minmay_shop_mayhem, minmay_divided_ellipse,
          uniq_sigmund
D:7:      layout_layer_cave, mainiacjoe_overflow_tiny_flanked, serial_glass,
          glass_columns_b, glass_columns_b, feat_on_display,
          due_unseen_surprise, ebering_dispersal_statue_hall
D:8:      layout_rooms, erik_lair_orcish_takeover, enter_bailey_6,
          serial_bayou_pond_b

Skill      XL: |  1  2  3  4  5  6  7  8  9 10 |
---------------+-------------------------------+-----
Dodging        | 1 2 3 4 |  4.3
Axes           | 3 4 6 7 8 10 11 | 11.6
Fighting       | 4 6 |  6.1
Armour         | 4 5 |  5.9
Shields        | |  3.6

Action                   |  1- 3 |  4- 6 |  7- 9 | 10-12 || total
-------------------------+-------+-------+-------+-------++-------
Melee: War axe           |   105 |   103 |   257 |    53 ||   518
 Abil: Dig               |       |     1 |       |       ||     1
       Shaft Self        |       |       |     1 |     2 ||     3
  Use: Potion            |       |     1 |     3 |       ||     4
       Scroll            |       |       |     9 |       ||     9
Armor: Scale mail        |    24 |       |       |       ||    24
       Plate armour      |    46 |    38 |       |       ||    84
       Troll leather arm |       |     6 |     4 |       ||    10
       Ring mail         |       |       |    37 |    14 ||    51
Dodge: Dodged            |    38 |    58 |   171 |    41 ||   308
Block: Buckler           |    32 |    22 |    70 |     5 ||   129

Table legend: (Time is in decaauts)
 A = Elapsed time spent in this place.
 B = Non-inter-level travel time spent in this place.
 C = Inter-level travel time spent in this place.
 D = Time resting spent in this place.
 E = Time spent auto-exploring this place.
 F = Levels seen in this place.
 G = Mean time per level.
                   A        B        C        D        E       F      G
               +--------+--------+--------+--------+--------+-----+--------+
         Total |   8193 |   8031 |    162 |   1592 |   5145 |   8 | 1024.1 |
       Dungeon |   8193 |   8031 |    162 |   1592 |   5145 |   8 | 1024.1 |
               +--------+--------+--------+--------+--------+-----+--------+

Top non-repeatable levels by time:
     D:5: 1792 daAuts
     D:6: 1536 daAuts
     D:7: 1450 daAuts
     D:1: 1175 daAuts
     D:2: 881 daAuts
     D:4: 759 daAuts
     D:3: 558 daAuts
     D:8: 40 daAuts
